 Dungeon Crawl Stone Soup version 0.18-a0-1060-g4fac74f (webtiles) character file.

3142 Trivium the Cleaver (level 10, -3/77 HPs)
             Began as a Formicid Fighter on Jan 12, 2016.
             Was an Elder of Okawaru.
             Slain by an orc warrior
             ... wielding a +0 trident
              (9 damage)
             ... on level 8 of the Dungeon.
             The game lasted 00:11:17 (7111 turns).

Trivium the Cleaver (Formicid Fighter)              Turns: 7111, Time: 00:11:21

Health: -3/77      AC: 13    Str: 25    XL:     10   Next: 15%
Magic:  0/21       EV: 14    Int: 12    God:    Okawaru [****..]
Gold:   29         SH: 12    Dex: 15    Spells: 0 memorised, 9 levels left

rFire  + + .     SeeInvis +     A - +0 battleaxe
rCold  + . .     Gourm    .     z - +2 chain mail {rF+}
rNeg   . . .     Faith    .     c - +0 shield
rPois  +         Spirit   +     (helmet unavailable)
rElec  +         Dismiss  .     (no cloak)
rCorr  +         Reflect  .     (no gloves)
SustAt .         Harm     .     d - +0 pair of boots
MR     +....                    n - amulet of guardian spirit
Stlth  +.........               x - ring of stealth
                                i - ring of magical power

@: brilliant, agile, lethally poisoned (-3 -> -9), resistant, somewhat resistant
to hostile enchantments, very unstealthy
A: permanent stasis, dig shafts and tunnels, four strong arms, antennae 3
a: Dig, Shaft Self, Heroism, Renounce Religion


You were on level 8 of the Dungeon.
You worshipped Okawaru.
Okawaru was greatly pleased with you.
You were full.

You visited 1 branch of the dungeon, and saw 8 of its levels.

You collected 298 gold pieces.
You spent 269 gold pieces at shops.

Inventory:

Hand Weapons
 a - a +0 war axe
 A - a +0 battleaxe (weapon)
Armour
 b - a +0 scale mail
 c - a +0 shield (worn)
 d - a +0 pair of boots (worn)
 p - a +0 chain mail
 v - a +0 plate armour
 z - a +2 chain mail of fire resistance (worn)
 B - a +2 chain mail of cold resistance
Jewellery
 i - a ring of magical power (left hand)
 n - an amulet of guardian spirit (around neck)
 r - an uncursed amulet of dismissal {unknown}
 x - a ring of stealth (right hand)
 D - the ring "Ziownyx" {+Fly rC+, unknown}
   (You found it on level 5 of the Dungeon)

   [ring of flight]

   It protects you from cold.
   It lets you fly.
Wands
 q - a wand of slowing (7/48)
Scrolls
 e - 4 scrolls of recharging {unknown}
 h - 3 scrolls of enchant armour {unknown}
 j - 2 scrolls of blinking {unknown}
 k - 8 scrolls of identify
 l - 2 scrolls of magic mapping
 t - 3 scrolls of remove curse {unknown}
 E - 2 scrolls of enchant weapon {unknown}
 I - a scroll of teleportation {unknown}
Potions
 g - 2 potions of haste
 m - a potion of curing
 o - a potion of degeneration
 w - a potion of agility
Books
 y - a book of the Warp

   Spells                             Type                      Level
   a - Recall                         Summoning/Translocation      3
   b - Gell's Gravitas                Hexes/Translocation          3
   c - Force Lance                    Conjuration/Translocation    4
   d - Phase Shift                    Translocation                5
   e - Warp Weapon                    Charms/Translocation         5
   f - Summon Forest                  Summoning/Translocation      5
Comestibles
 f - 5 bread rations
 F - 8 slices of pizza


   Skills:
 + Level 6.6 Fighting
 * Level 8.4 Axes
 + Level 6.7 Armour
 + Level 3.1 Dodging
 - Level 1.0 Stealth
 + Level 8.0 Shields
 * Level 3.8 Invocations


You had 9 spell levels left.
You didn't know any spells.

Dungeon Overview and Level Annotations

Branches:
Dungeon (8/15)             Temple (0/1) D:5            Lair (0/8) D:8

Altars:
Elyvilon
Fedhas
Kikubaaqudgha
Nemelex Xobeh
Okawaru
Pakellas
Ru
Sif Muna
Trog
Vehumet
Xom
Zin

Shops:
D:5 *   D:7 *


Innate Abilities, Weirdness & Mutations

You are under a permanent stasis effect.
You can dig through walls and to a lower floor.
Your four strong arms can wield two-handed weapons with a shield.
You have a pair of large antennae on your head (SInv).


Message History

A giant cockroach and an orc come into view.
Drink which item? (? for menu, Esc to quit)
You feel more agile all of a sudden.
You feel sick. The orc hits you with a short sword.
* * * LOW HITPOINT WARNING * * *
The rat bites the plant.
You block the orc warrior's attack. The orc warrior misses you.
Unknown command.
Unknown command.
Drink which item? (? for menu, Esc to quit)
Okay, then.
Read which item? (? for menu, Esc to quit)
As you read the scroll labeled CERILUEFAHU, it crumbles to dust.
You feel aware of your surroundings.
You sensed 1 altar.
It was a scroll of magic mapping.
* * * LOW HITPOINT WARNING * * *
You feel sick. The orc barely misses you.
The rat bites the plant but does no damage.
The orc warrior hits you from afar with a trident!
You die...

,,,,,,,,,>...........?## *#..# *
,,,,,,,,,............^.#*#...#
,,,,,,,,,..............##....*
,,,,,,,,,..............#..#,,* **
,,,,,,,,,............=..<.#,{***,
,,,,,,,,,...o............##,,,,,,
,,,,,,,,,.................#,,,,**
,,,,,,,,,..o..o.o)..........#****
,,,,,,,,,...o.oo@Y).s.......#*,,,
,,,,,,,,,........).......#....,,,
,,,,,,,,,P.............#.......,,
,,,,,,,,,P.P..........###......,,
,,,,,,,,,PP.P..P......# *...,,,**
,,,,,,,,,.PP.P.P.....## *,.#*,**
,,,,,,,,,PrPP.P......# **,***,,**
,,,,,,,,,PP.PP.P.P..##**,,* **,,,
,,,,,,,,>,,,,,,,,,,,***,,****,,,,


You could see 2 orc warriors, a sky beast, an orc priest, 4 orcs, a giant
cockroach and a rat.

Vanquished Creatures
  A yak (D:7)
  A human (D:7)
  Duvessa (D:4)
  An ice beast (D:7)
  An ogre (D:5)
  An orc warrior (D:7)
  2 phantoms (D:4)
  3 centaurs
  2 giant frogs (D:7)
  Dowan (D:4)
  12 wights
  4 crimson imps
  A hound (D:6)
  3 orc priests
  9 orc wizards
  2 centaur skeletons
  2 iguanas
  4 worker ants
  3 sheep (D:7)
  A hound skeleton (D:6)
  12 gnolls
  11 adders
  A shadow imp (D:6)
  3 oozes
  An adder skeleton (D:5)
  7 worms
  4 giant geckos
  23 orcs
  A bat (D:3)
  7 giant cockroaches
  14 goblins
  9 hobgoblins
  3 jackals (D:4)
  4 kobolds
  3 quokkas
  4 ball pythons
  5 giant newts
  A quokka skeleton (D:7)
  11 rats
179 creatures vanquished.

Vanquished Creatures (collateral kills)
  An iguana (D:6)
1 creature vanquished.

Vanquished Creatures (others)
  A fire dragon (D:2)
  A bat (D:8)
  A bush (D:2)
  2 fire vortices (D:4)
5 creatures vanquished.

Grand Total: 185 creatures vanquished

Notes
Turn   | Place    | Note
--------------------------------------------------------------
     0 | D:1      | Trivium the Formicid Fighter began the quest for the Orb.
     0 | D:1      | Reached XP level 1. HP: 18/18 MP: 1/1
    11 | D:1      | Reached XP level 2. HP: 24/24 MP: 2/2
   433 | D:1      | Reached XP level 3. HP: 28/30 MP: 3/3
   526 | D:1      | Reached skill level 4 in Shields
   726 | D:2      | Reached XP level 4. HP: 3/37 MP: 4/4
   729 | D:2      | Found a faded altar to an unknown god.
   740 | D:2      | HP: 1/37 [poisoned by an adder]
  1042 | D:2      | Became a worshipper of Xom of Chaos
  1526 | D:2      | Found an oddly glowing altar of Pakellas.
  1527 | D:2      | Noticed a fire dragon
  1540 | D:2      | Killed a fire dragon
  1571 | D:2      | XOM: divination: detect creatures
  1656 | D:2      | Reached XP level 5. HP: 34/42 MP: 5/5
  1747 | D:2      | Found a deep blue altar of Sif Muna.
  1979 | D:3      | XOM: harmless Tloc miscast
  2306 | D:3      | XOM: silly message
  2321 | D:3      | Found an iron altar of Okawaru.
  2398 | D:3      | Fell from the grace of Xom
  2398 | D:3      | Became a worshipper of Warmaster Okawaru
  2463 | D:3      | Reached XP level 6. HP: 48/48 MP: 6/6
  2466 | D:3      | Reached skill level 1 in Dodging
  2466 | D:3      | Reached skill level 5 in Shields
  2476 | D:3      | Found a glowing silver altar of Zin.
  2645 | D:3      | XOM: severe Ice miscast
  2757 | D:3      | XOM: severe Tloc miscast
  2816 | D:3      | XOM: medium Divn miscast
  2865 | D:3      | XOM: mild Divn miscast
  2974 | D:4      | Noticed a phantom
  3013 | D:4      | Killed a phantom
  3074 | D:4      | Noticed Duvessa
  3074 | D:4      | Noticed Dowan
  3075 | D:4      | Found an ancient bone altar of Kikubaaqudgha.
  3084 | D:4      | Killed Duvessa
  3084 | D:4      | Reached * piety under Okawaru
  3084 | D:4      | Reached XP level 7. HP: 52/55 MP: 7/7
  3123 | D:4      | Killed Dowan
  3204 | D:4      | Found a radiant altar of Vehumet.
  3256 | D:4      | Reached skill level 5 in Armour
  3320 | D:4      | Reached skill level 5 in Fighting
  3415 | D:4      | XOM: medium Pois miscast
  3429 | D:4      | Found a blossoming altar of Fedhas.
  3601 | D:4      | XOM: mild Fire miscast
  3789 | D:4      | XOM: summons 3 hostile demons
  4001 | D:5      | Entered Level 5 of the Dungeon
  4082 | D:5      | You fall through a shaft!
  4082 | D:6      | XOM: summons 2 hostile shadow creatures
  4191 | D:6      | Reached XP level 8. HP: 62/62 MP: 8/8
  4279 | D:6      | Found a sparkling altar of Nemelex Xobeh.
  4351 | D:6      | Found a white marble altar of Elyvilon.
  4593 | D:6      | XOM: noise
  4619 | D:6      | XOM: mild Divn miscast
  4680 | D:6      | XOM: mild Chrm miscast
  4692 | D:6      | Reached skill level 6 in Shields
  4895 | D:6      | XOM: summons 7 friendly demons
  4908 | D:6      | Reached ** piety under Okawaru
  4913 | D:6      | Reached skill level 5 in Axes
  4920 | D:6      | Reached skill level 1 in Stealth
  4988 | D:6      | XOM: stat loss: -3 Int (4/7)
  5169 | D:5      | Found Loir's Assorted Antiques.
  5169 | D:5      | Found a staircase to the Ecumenical Temple.
  5174 | D:5      | Bought a shiny chain mail for 121 gold pieces
  5177 | D:5      | XOM: mild Ice miscast
  5273 | D:5      | Got a pitted bone ring
  5484 | D:5      | XOM: mild Trmt miscast
  5907 | D:7      | XOM: mild Trmt miscast
  5943 | D:7      | Noticed a moth of wrath
  5951 | D:7      | Found a bloodstained altar of Trog.
  5977 | D:7      | Reached skill level 1 in Invocations
  5991 | D:7      | Reached XP level 9. HP: 56/69 MP: 10/10
  6073 | D:7      | Reached skill level 7 in Shields
  6163 | D:7      | Reached *** piety under Okawaru
  6430 | D:7      | Reached skill level 8 in Axes
  6554 | D:7      | Reached XP level 10. HP: 54/77 MP: 12/12
  6635 | D:7      | Reached **** piety under Okawaru
  6711 | D:7      | Found a sacrificial altar of Ru.
  6808 | D:7      | Found Timarusch's General Store.
  6936 | D:5      | Bought a glowing chain mail for 121 gold pieces
  6936 | D:5      | Bought a scroll labeled UCIEFA SEASM for 27 gold pieces
  7091 | D:8      | XOM: harmless Summ miscast
  7111 | D:8      | Slain by an orc warrior

Vault maps used:
D:1:      dpeg_arrival_arbitrary_a
D:2:      lemuel_blue_sif_altar, ecumenical_altar_1, serial_park_tiny_2,
          gammafunk_pakellas_spire_experiment
D:3:      nicolae_overflow_crystal_walls, nicolae_tso_swordbearing_angel,
          first_bread, kennysheep_okawaru_gauntlet
D:4:      kiku_gazebo_garden_becter, kennysheep_little_box, marbit_many_paths,
          uniq_duvessa
D:5:      minmay_temple_entry_trees, serial_shops, nicolae_shop_stone,
          kennysheep_generic_room_8
D:6:      nicolae_overflow_hidden_temple, nemelex_deck,
          kennysheep_generic_room_5
D:7:      nicolae_ru_path_of_blood, tgw_trog, serial_shops, shop,
          grunt_livestock
D:8:      cheibrodos_ashenzari_chains, due_lair_maze_entry_diamond

Action                   |  1- 3 |  4- 6 |  7- 9 | 10-12 || total
-------------------------+-------+-------+-------+-------++-------
Melee: War axe           |    59 |   198 |   173 |       ||   430
       Battleaxe         |       |       |   172 |    43 ||   215
  Use: Potion            |     3 |       |       |     5 ||     8
       Scroll            |       |     3 |       |     1 ||     4
  Eat: Royal jelly       |       |     1 |       |       ||     1
       Pizza             |       |     1 |       |       ||     1
       Chunk             |       |     2 |     7 |       ||     9
       Beef jerky        |       |     1 |       |     2 ||     3
       Bread ration      |       |       |     1 |       ||     1
       Meat ration       |       |       |       |     1 ||     1
